Match 39013727
Unlisted

Match 39013727
End
Kradschützen Motorcycle Team
Panzergrenadier Squad
Panzerpioneer Squad
Construct Light Support Kompanie
MG34 Team
Assault Grenadier Squad
Construct Mechanized Kompanie
8 Rad Armored Car
Selects Armored Support Battlegroup
Selects Superior Fire Drills
2.5-tonne Medical Truck
Selects Salvage Kits
Construct Panzerarmee Kommand
Panzerpioneer Squad
Panzer III L Medium Tank
Vehicle Survival Package
Selects Panzer Storm
Support Armor Elements
Emergency Repair Kits
StuG III D Assault Gun
Armored Reserves
Pak 38 Anti-tank Gun Team
Selects Stuka Anti-tank Loiter
Stuka Anti-tank Loiter
只愛❤毛妹
Akuma Nihmune is my OSHI
0
0

Comments sign in to comment!

No comments posted yet!